 Dungeon Crawl Stone Soup version 0.30-a0-414-gcb316572d5 (webtiles) character file.

Game seed: 13469306943695232919

7 IdlyInterested the Grasshopper (level 1, -4/15 HPs)
             Began as a Demonspawn Wanderer on Dec 7, 2022.
             Slain by a killer bee (5 damage)
             ... on level 1 of the Dungeon.
             The game lasted 00:01:18 (362 turns).

IdlyInterested the Grasshopper (Demonspawn Wanderer) Turns: 362, Time: 00:01:19

Health: -4/15      AC:  2    Str:  9    XL:     1   Next: 83%
Magic:  2/2        EV: 12    Int: 12    God:
Gold:   59         SH:  0    Dex: 16    Spells: 1/2 levels left

rFire   . . .      SeeInvis .    a - +0 falchion
rCold   . . .      Faith    .    (no shield)
rNeg    . . .      Spirit   .    d - +0 robe
rPois   .          Reflect  .    (no helmet)
rElec   .          Harm     .    (no cloak)
rCorr   .          Rampage  .    (no gloves)
Will    .....                    (no boots)
Stlth   +.........               (no amulet)
HPRegen 0.22/turn                (no ring)
MPRegen 0.08/turn                (no ring)

@: lethally poisoned (-4 -> -10)
A: no striking features
a: no special abilities


You were on level 1 of the Dungeon.
You visited 1 branch of the dungeon, and saw 1 of its levels.

You collected 59 gold pieces.

Inventory:

Hand Weapons
 a - a +0 falchion (weapon)
Missiles
 e - 5 stones (quivered)
Armour
 d - a +0 robe (worn)
Scrolls
 c - a scroll of teleportation
 f - a scroll of immolation {unknown}


   Skills:
 * Level 1.1 Fighting
 - Level 1.0 Long Blades
 - Level 1.0 Armour
 + Level 2.0 Dodging
 - Level 1.0 Spellcasting
 - Level 2.6 Translocations
 - Level 2.0 Evocations


You had one spell level left.
You knew the following spells:

 Your Spells              Type           Power      Damage    Failure   Level
a - Apportation           Tloc           14%        N/A       10%         1

Your spell library contained the following spells:

 Spells                   Type           Power      Damage    Failure   Level
 Gell's Gravitas          Tloc           7%         N/A       30%         3
 Passage of Golubria      Tloc           7%         N/A       69%         4


Dungeon Overview and Level Annotations

Branches:
Dungeon (1/15)

Altars:


Message History

HP restored.
You now have 59 gold pieces (gained 7).
A ball python comes into view.
Found a short sword.
A gnoll comes into view. It is wielding a +0 flail.
The gnoll shouts!
The ball python hisses angrily.
The ball python bites you but does no damage.
The ball python grabs you. The ball python constricts you.
The ball python bites you. The ball python constricts you.
You hit the ball python.
You kill the ball python!
Aiming: Polymorph
Press: ? - help, Shift-Dir - straight line, f - gnoll
Aim: a gnoll, wielding a +0 flail (will become a quokka, a kobold, or a killer bee, chance to affect: 63%)
The gnoll resists with significant effort.
The gnoll hits you with a +0 flail!
Aiming: Polymorph
Press: ? - help, Shift-Dir - straight line, f/p - gnoll
Aim: a gnoll, wielding a +0 flail (will become a quokka, a kobold, or a killer bee, chance to affect: 63%)
The gnoll resists with significant effort.
The gnoll closely misses you.
Aiming: Polymorph
Press: ? - help, Shift-Dir - straight line, f/p - gnoll
Aim: a gnoll, wielding a +0 flail (will become a quokka, a kobold, or a killer bee, chance to affect: 63%)
The gnoll resists with significant effort.
The gnoll closely misses you.
There's nothing to close nearby.
Aiming: Polymorph
Press: ? - help, Shift-Dir - straight line, f/p - gnoll
Aim: a gnoll, wielding a +0 flail (will become a quokka, a kobold, or a killer bee, chance to affect: 63%)
The gnoll evaporates and reforms as a killer bee!
The now-empty wand crumbles to dust.
The killer bee stings you.
* * * LOW HITPOINT WARNING * * *
You are lethally poisoned!
The killer bee poisons you!
You hit the killer bee but do no damage.
* * * LOW HITPOINT WARNING * * *
You feel very sick. The killer bee stings you.
You die...

#..... #.####
#################.#
..................#
#######.#######.### #.
#.# #.# #.######.####
##.###### #.....†....#
#........ ##..y@...#.#
#..######
#..####..#.###..######
#.# #..#............
#) #..#####........
#..# #........ #..#
#........ #..#
#.#...... #$.#
#....#... ###......


You could see a killer bee.

Vanquished Creatures
  A ball python (D:1)
  2 endoplasms (D:1)
  A hobgoblin (D:1)
  A frilled lizard (D:1)
  A kobold (D:1)
6 creatures vanquished.

Notes
Turn   | Place    | Note
-------+----------+-------------------------------------------
     0 | D:1      | IdlyInterested the Demonspawn Wanderer began the quest for
                  | the Orb.
     0 | D:1      | IdlyInterested set off with the following items: a +0
                  | falchion, a wand of polymorph (4), a scroll of
                  | teleportation, a +0 robe; and the following spell
                  | memorised: Apportation; and the following spells available
                  | to memorise: Gell's Gravitas, Passage of Golubria.
     0 | D:1      | Reached XP level 1. HP: 13/13 MP: 2/2
   290 | D:1      | Reached skill level 1 in Fighting
   361 | D:1      | a gnoll changed into a killer bee
   361 | D:1      | Noticed a killer bee
   362 | D:1      | Slain by a killer bee

Illustrated notes

Levels and vault maps discovered:
D:1:      matt_arrival_los_fun, layout_loops_ring,
          wander_ebering_terrifying_dragon_lair

Skill      XL: |  1 |
---------------+----+-----
Fighting       | 1 |  1.1
Dodging        | 2 |  2.0
Long Blades    | |  1.0
Armour         | |  1.0
Spellcasting   | |  1.0
Translocations | |  2.6
Evocations     | |  2.0

Action                   || total
-------------------------++-------
Melee: Falchion          ||    20
       Punch             ||     1
Evoke: Wand              ||     4
Armor: Robe              ||     3
Dodge: Dodged            ||    14

Table legend: (Time is in decaauts)
 A = Elapsed time spent in this place.
 B = Non-inter-level travel time spent in this place.
 C = Inter-level travel time spent in this place.
 D = Time resting spent in this place.
 E = Time spent auto-exploring this place.
 F = Levels seen in this place.
 G = Mean time per level.
                   A        B        C        D        E       F      G
               +--------+--------+--------+--------+--------+-----+--------+
         Total |    366 |    366 |      0 |    123 |    182 |   1 |  366.0 |
       Dungeon |    366 |    366 |      0 |    123 |    182 |   1 |  366.0 |
               +--------+--------+--------+--------+--------+-----+--------+

Top non-repeatable levels by time:
     D:1: 366 daAuts
